 Dungeon Crawl Stone Soup version 0.26.0-10-g1f06aea511 (webtiles) character file.

Game seed: 14938767766150122686

272 Borgoz the Slasher (level 6, -4/51 HPs)
             Began as a Ghoul Gladiator on Jan 18, 2021.
             Was an Initiate of Okawaru.
             Slain by an ogre
             ... wielding a +0 giant club
              (5 damage)
             ... on level 4 of the Dungeon.
             The game lasted 00:03:09 (3666 turns).

Borgoz the Slasher (Ghoul Gladiator)                Turns: 3666, Time: 00:03:09

Health: -4/51      AC:  6    Str: 18    XL:     6   Next: 23%
Magic:  5/5        EV: 12    Int:  3    God:    Okawaru [......]
Gold:   131        SH:  0    Dex: 12    Spells: 5/5 levels left

rFire    . . .     SeeInvis .   a - +0 long sword
rCold    + . .     Faith    .   (no shield)
rNeg     + + +     Spirit   .   e - +0 ring mail
rPois    ∞         Reflect  .   c - +0 helmet
rElec    .         Harm     .   (no cloak)
rCorr    .         Rampage  .   (no gloves)
Will     .....                  (no boots)
Stlth    +.........             (no amulet)
HPRegen  0.00/turn              (no ring)
MPRegen  0.09/turn              (no ring)

@: no status effects
A: claws 1, cold resistance 1, negative energy resistance 3, inhibited
regeneration, torment resistance, unbreathing
a: Renounce Religion


You were on level 4 of the Dungeon.
You worshipped Okawaru.
Okawaru was noncommittal.
You visited 2 branches of the dungeon, and saw 5 of its levels.

You collected 131 gold pieces.

Inventory:

Hand Weapons
 a - a +0 long sword (weapon)
 s - a +0 great sword
Missiles
 d - 2 throwing nets (quivered)
Armour
 c - a +0 helmet (worn)
 e - a +0 ring mail (worn)
Scrolls
 h - a scroll of teleportation
 i - a scroll of enchant armour {unknown}
 k - 2 scrolls of amnesia {unknown}
 o - a scroll of remove curse {unknown}
 t - 2 scrolls of fog {unknown}
Potions
 f - a potion of brilliance {unknown}
 g - 3 potions of curing
 j - a potion of magic {unknown}
 l - 2 potions of flight
 m - a potion of cancellation
 n - a potion of mutation {unknown}
 p - a potion of might {unknown}
 q - a potion of ambrosia {unknown}
 r - 2 potions of heal wounds {unknown}


   Skills:
 + Level 3.5 Fighting
 * Level 4.1 Long Blades
 - Level 1.7 Throwing
 * Level 2.9 Armour
 + Level 3.5 Dodging
 + Level 0.0 Invocations


You had 5 spell levels left.
You didn't know any spells.
Your spell library was empty.

Dungeon Overview and Level Annotations

Branches:
Dungeon (4/15)             Temple (1/1) D:4

Altars:
Ashenzari
Cheibriados
Dithmenos
Elyvilon
Fedhas
Hepliaklqana
Kikubaaqudgha
Makhleb
Nemelex Xobeh
Okawaru
Qazlal
Ru
Sif Muna
Trog
Uskayaw
Vehumet
Wu Jian
Xom
Yredelemnul
Zin
The Shining One

Shops:
D:4 *

Annotations:
D:3 1 runed translucent door


Innate Abilities, Weirdness & Mutations

You thrive by killing the living.
You are immune to poison.
You have sharp fingernails.
Your flesh is cold resistant. (rC+)
You are immune to negative energy. (rN+++)
You do not regenerate when monsters are visible.
You are immune to unholy pain and torment.
You can survive without breathing.


Message History

Aim: an ogre, wielding a +0 giant club (moderately wounded)
You throw a throwing net. The throwing net hits the ogre.
The ogre is caught in the net!
The ogre is moderately wounded.
The ogre struggles against the net.
You hit the ogre.
The ogre is moderately wounded.
The ogre struggles against the net. x2
You hit the ogre.
The ogre is heavily wounded.
The ogre struggles against the net.
You strike the helpless ogre from behind!
You slash the ogre!
The ogre is almost dead.
The ogre struggles against the net.
The net rips apart, and the ogre comes free!
You barely miss the ogre.
The ogre is almost dead.
The ogre hits you with a +0 giant club.
You die...

#..........###
#............#
#[...........#
#..........[..
######.............
# #....##........#
..####
#.##..........##
#.....
#.#####...##.##
...### #.# ###.##@#
## #.# #.#.O# ##.
#.# #....# #.. #.#
###... #..# #.#
##..... .... #.#
##........ .#>.#
#####.##
##........... #.#
.......#
#...............
#.# # .......#
#........(.......
#.# #


You could see an ogre.

Vanquished Creatures
  A centaur (D:3)
  Robin (D:2)
  5 adders
  A shadow imp (D:2)
  An adder skeleton (D:4)
  2 worms
  2 dart slugs
  4 leopard geckos
  10 orcs
  2 giant cockroaches (D:2)
  9 hobgoblins
  11 jackals
  2 quokkas (D:3)
  4 ball pythons
  7 bats
  7 frilled lizards
  20 goblins
  6 kobolds
  8 rats
103 creatures vanquished.

Notes
Turn   | Place    | Note
-------+----------+-------------------------------------------
     0 | D:1      | Borgoz the Ghoul Gladiator began the quest for the Orb.
     0 | D:1      | Reached XP level 1. HP: 17/17 MP: 0/0
   235 | D:1      | Reached XP level 2. HP: 23/24 MP: 1/1
   567 | D:1      | Reached skill level 3 in Long Blades
   700 | D:1      | Reached skill level 1 in Armour
   780 | D:1      | Reached XP level 3. HP: 30/30 MP: 2/2
  1199 | D:2      | You fall into a shaft and drop 1 floor!
  1234 | D:3      | Reached XP level 4. HP: 37/37 MP: 3/3
  1628 | D:2      | Noticed Robin
  1672 | D:2      | Killed Robin
  1673 | D:2      | Reached XP level 5. HP: 31/44 MP: 4/4
  2163 | D:3      | Noticed a centaur
  2341 | D:3      | Killed a centaur
  2342 | D:3      | Reached skill level 4 in Long Blades
  2342 | D:3      | Reached XP level 6. HP: 28/51 MP: 5/5
  2600 | D:3      | Found a white marble altar of Elyvilon.
  2601 | D:3      | Found a runed translucent door.
  2601 | D:3      | Noticed an angel
  3068 | D:4      | Found Viyraffi's General Store.
  3201 | D:4      | Found a staircase to the Ecumenical Temple.
  3215 | Temple   | Entered the Ecumenical Temple
  3279 | Temple   | Became a worshipper of Warmaster Okawaru
  3661 | D:4      | HP: 1/51 [ogre/+0 giant club (25)]
  3666 | D:4      | Slain by an ogre

Illustrated notes

Levels and vault maps discovered:
D:1:      arrival_zaba_pyramid, layout_loops_ring, minmay_octomino_c4
D:2:      layout_loops_corners, uniq_robin
D:3:      layout_basic, lemuel_angel_altar
D:4:      layout_rooms, minmay_temple_entry_junction, serial_shops,
          nicolae_shop_statue_plus, kennysheep_generic_room_2
Temple:   regret_index_temple_sigil_plot

Skill      XL: |  1  2  3  4  5 |
---------------+----------------+-----
Long Blades    | 3 4 |  4.1
Armour         | 1 2 |  2.9
Dodging        | 3 |  3.5
Fighting       | 3 |  3.5
Throwing       | |  1.7

Action                   |  1- 3 |  4- 6 || total
-------------------------+-------+-------++-------
Melee: Long sword        |   123 |   204 ||   327
Throw: Throwing net      |       |     1 ||     1
  Use: Scroll            |     1 |     4 ||     5
 Stab: Held in net/web   |       |     1 ||     1
Armor: Leather armour    |    18 |       ||    18
       Ring mail         |    54 |   102 ||   156
Dodge: Dodged            |    95 |   185 ||   280
       Rpst.: Long sword |    34 |    57 ||    91
